 Dungeon Crawl Stone Soup version 0.28.0 (webtiles) character file.

Game seed: 17254215835894246392

124 Eitelfritz the Slasher (level 4, -4/34 HPs)
             Began as a Demonspawn Gladiator on Feb 16, 2022.
             Slain by a worm (5 damage)
             ... on level 2 of the Dungeon.
             The game lasted 00:04:08 (2045 turns).

Eitelfritz the Slasher (Demonspawn Gladiator)       Turns: 2045, Time: 00:04:09

Health: -4/34      AC:  8    Str: 16    XL:     4   Next: 81%
Magic:  4/4        EV: 12    Int: 10    God:
Gold:   63         SH:  4    Dex: 14    Spells: 3/3 levels left

rFire   . . .      SeeInvis .   a - +0 long sword
rCold   . . .      Faith    .   (no shield)
rNeg    . . .      Spirit   .   b - +0 leather armour
rPois   .          Reflect  .   c - +0 helmet
rElec   .          Harm     .   (no cloak)
rCorr   .          Rampage  .   (no gloves)
Will    .....                   (no boots)
Stlth   +.........              (no amulet)
HPRegen 0.11/turn               (no ring)
MPRegen 0.09/turn               (no ring)

@: slowed, very slow
A: icemail 1, powered by death 1, condensation shield
a: no special abilities


You were on level 2 of the Dungeon.
You visited 1 branch of the dungeon, and saw 2 of its levels.

You collected 63 gold pieces.

Inventory:

Hand Weapons
 a - a +0 long sword (weapon)
Missiles
 d - 3 throwing nets (quivered)
Armour
 b - a +0 leather armour (worn)
 c - a +0 helmet (worn)
Jewellery
 f - an amulet of faith
Scrolls
 e - a scroll of enchant weapon {unknown}
 g - a scroll of identify {unknown}
 h - a scroll of fear {unknown}
 l - a scroll of immolation {unknown}
Potions
 i - a potion of curing {unknown}
 j - a potion of attraction {unknown}
 k - a potion of haste {unknown}


   Skills:
 + Level 2.4 Fighting
 + Level 4.0 Long Blades
 + Level 2.0 Throwing
 + Level 1.5 Armour
 + Level 3.1 Dodging
 + Level 0.3 Stealth
 + Level 0.1 Shields


You had 3 spell levels left.
You didn't know any spells.
Your spell library was empty.

Dungeon Overview and Level Annotations

Branches:
Dungeon (2/15)

Altars:
Nemelex Xobeh

Annotations:
D:2 Natasha


Innate Abilities, Weirdness & Mutations

A meltable icy envelope protects you from harm. (AC +4)
You regenerate a little health from kills.
A meltable shield of frost defends you. (SH +4)


Message History

The dart slug completely misses you. Natasha claws you but does no damage.
The worm bites you.
The white imp hits you but does no damage.
You hit Natasha.
Natasha is moderately wounded.
Natasha claws you.
* * * LOW HITPOINT WARNING * * *
The white imp hits you but does no damage.
The dart slug launches a dart at you. The slug dart misses you.
The slug dart hits the worm.
The worm misses you. Natasha barely misses you.
You hit Natasha.
Natasha is severely wounded.
The white imp hits you but does no damage.
Natasha casts a spell at you. You resist with some effort.
The dart slug barely misses you. The white imp gestures at you.
The puff of frost hits you.
* * * LOW HITPOINT WARNING * * *
The worm misses you.
You hit Natasha but do no damage.
Natasha is severely wounded.
Natasha casts a spell at you.
You feel as though you will be slow longer.
The white imp lashes its tail.
The white imp misses you.
The dart slug briefly extends its eye-stalks.
The dart slug bites you but does no damage.
Natasha claws you.
* * * LOW HITPOINT WARNING * * *
The white imp barely misses you. The worm bites you but does no damage.
The dart slug barely misses you.
You closely miss Natasha.
Natasha is severely wounded.
Natasha claws you but does no damage. The white imp gestures at you.
The puff of frost hits you.
* * * LOW HITPOINT WARNING * * *
Natasha closely misses you. The worm bites you.
You die...

............#
.#.......#..###.#.###
.....##.##.......#
#..#.##.######.###
###..#..#(# #...#
.........# #...#
^..#.......# #...#
......h5w..#####...#####
....##@...#<..........#
......w.................
.....##.#..#......>....#
...........####.....####
...#...[...# ##.....# #.
####.#### #......# #
...# #......# #####
#......####
###########.##.......


You could see a worm, Natasha, a white imp (summoned) and a dart slug.

Vanquished Creatures
  Jessica (D:2)
  Robin (D:2)
  An adder (D:2)
  4 dart slugs
  4 bats
  9 endoplasms
  4 giant cockroaches
  11 goblins
  11 hobgoblins
  3 jackals (D:1)
  4 kobolds
  2 ball pythons
  5 frilled lizards
  4 rats
64 creatures vanquished.

Notes
Turn   | Place    | Note
-------+----------+-------------------------------------------
     0 | D:1      | Eitelfritz the Demonspawn Gladiator began the quest for the
                  | Orb.
     0 | D:1      | Reached XP level 1. HP: 16/16 MP: 1/1
   580 | D:1      | Gained mutation: You regenerate a little health from kills.
                  | [demonic ancestry]
   580 | D:1      | Reached XP level 2. HP: 21/22 MP: 2/2
   588 | D:1      | Reached skill level 3 in Long Blades
   856 | D:1      | Gained mutation: A meltable shield of frost defends you.
                  | (SH +4) [demonic ancestry]
   856 | D:1      | Reached XP level 3. HP: 27/27 MP: 3/3
  1303 | D:2      | Noticed Jessica
  1322 | D:2      | Killed Jessica
  1323 | D:2      | Reached skill level 1 in Armour
  1323 | D:2      | Gained mutation: A meltable icy envelope protects you from
                  | harm. (AC +4) [demonic ancestry]
  1323 | D:2      | Reached XP level 4. HP: 22/34 MP: 4/4
  1575 | D:2      | Found a sparkling altar of Nemelex Xobeh.
  1616 | D:2      | Found a faded altar of an unknown god.
  1619 | D:2      | Noticed Robin
  1655 | D:2      | Killed Robin
  1659 | D:2      | Reached skill level 4 in Long Blades
  1667 | D:2      | Identified the +2 robe of Alor {rPois rN+ Int-4}
  2034 | D:2      | Noticed Natasha
  2045 | D:2      | HP: 1/34 [white imp/puff of frost[Natasha] (4)]
  2045 | D:2      | Slain by a worm

Illustrated notes

Levels and vault maps discovered:
D:1:      evilmike_arrival_crescent, layout_loops_ring
D:2:      layout_loops_cross, basic_altar, hellmonk_ecumenical_altar_blasted,
          uniq_natasha, uniq_jessica, uniq_robin

Skill      XL: |  1  2  3  4 |
---------------+-------------+-----
Long Blades    | 3 4 |  4.0
Throwing       | 2 |  2.0
Dodging        | 3 |  3.1
Armour         | 1 |  1.5
Fighting       | |  2.4
Stealth        | |  0.3
Shields        | |  0.1

Action                   |  1- 3 |  4- 6 || total
-------------------------+-------+-------++-------
Melee: Long sword        |    83 |    89 ||   172
       Punch             |       |     1 ||     1
 Stab: Sleeping          |     2 |       ||     2
Armor: Leather armour    |    15 |    46 ||    61
Dodge: Dodged            |    54 |    71 ||   125
Block: Other             |       |    14 ||    14
